 Dungeon Crawl Stone Soup version 0.19.4-9-g45fd643 (webtiles) character file.

60 kwel01 the Charmwright (level 3, -4/25 HPs)
             Began as a High Elf Skald on Feb 19, 2017.
             Killed from afar by an orc wizard (8 damage)
             ... with a puff of flame
             ... on level 3 of the Dungeon.
             The game lasted 00:10:44 (2167 turns).

kwel01 the Charmwright (High Elf Skald)             Turns: 2167, Time: 00:10:45

Health: -4/25      AC:  3    Str: 12    XL:     3   Next: 80%
Magic:  8/8        EV: 12    Int: 16    God:
Gold:   133        SH:  0    Dex: 14    Spells: 3 memorised, 2 levels left

rFire  . . .     SeeInvis .     a - +0 falchion
rCold  . . .     Gourm    .     e - +0 robe
rNeg   . . .     Faith    .     (no shield)
rPois  .         Spirit   .     (no helmet)
rElec  .         Reflect  .     (no cloak)
rCorr  .         Harm     .     p - +0 pair of gloves
MR     .....                    (no boots)
Stlth  ++........               (no amulet)
                                (no ring)
                                (no ring)

@: drained
A: no striking features
a: no special abilities


You were on level 3 of the Dungeon.
You were not hungry.

You visited 1 branch of the dungeon, and saw 3 of its levels.

You collected 133 gold pieces.

Inventory:

Hand Weapons
 a - a +0 falchion (weapon)
Missiles
 i - 3 throwing nets (quivered)
 o - 23 arrows
Armour
 b - a +1 leather armour
 e - a +0 robe (worn)
 p - a +0 pair of gloves (worn)
Jewellery
 k - an uncursed ring of resist corrosion
Scrolls
 f - 2 scrolls of enchant weapon {unknown}
 g - 2 scrolls of identify
 h - 2 scrolls of blinking
 j - a scroll of remove curse
Potions
 l - a potion of curing
 m - a potion of flight
 n - a potion of degeneration {unknown}
Books
 c - a book of Battle

   Spells                             Type                      Level
   a - Infusion                       Charms                       1
   b - Shroud of Golubria             Charms/Translocation         2
   c - Song of Slaying                Charms                       2
   d - Spectral Weapon                Hexes/Charms                 3
   e - Regeneration                   Charms/Necromancy            3
Comestibles
 d - a bread ration
 r - a slice of pizza


   Skills:
 + Level 2.3 Fighting
 + Level 3.3 Long Blades
 + Level 0.8 Armour
 + Level 1.9 Dodging
 + Level 0.5 Stealth
 + Level 2.7 Spellcasting
 + Level 4.3 Charms


You had 2 spell levels left.
You knew the following spells:

 Your Spells              Type           Power        Failure   Level  Hunger
a - Infusion              Chrm           ###.         4%          1    #......
b - Song of Slaying       Chrm           ###.....     8%          2    ##.....
c - Shroud of Golubria    Chrm/Tloc      #.........   14%         2    ##.....


Dungeon Overview and Level Annotations

Branches:
Dungeon (3/15)

Altars:
Xom


Message History

The orc wizard hits you with a dagger of speed.
The orc closely misses you.
You hit the orc wizard.
The orc wizard is heavily wounded.
The orc wizard hits you with a dagger of speed.
The orc barely misses you.
You riposte.
You hit the orc but do no damage.
The orc wizard hits you with a dagger of speed.
* * * LOW HITPOINT WARNING * * *
You closely miss the orc wizard.
The orc wizard is heavily wounded.
The orc wizard barely misses you. The orc hits you with a flail.
* * * LOW HITPOINT WARNING * * *
You barely miss the orc wizard.
The orc wizard is heavily wounded.
The orc wizard closely misses you. The orc barely misses you.
You closely miss the orc wizard.
The orc wizard is heavily wounded.
The orc wizard points at you and mumbles some strange words.
The puff of flame hits you!
You die...

#.# #.# ##.# # ... .#
#.######.## # #
#.......... ..# #
#.####o..........#.#..
#...o@........# ......
######.....#####......
#'.....#......##
##.....#.#.....#
#.....#.#.##..#
#####)#.#.<# (#
########†#'#..#
#.............#
#............##


You could see an orc wizard and an orc.

Vanquished Creatures
  2 oozes (D:2)
  2 worms (D:2)
  2 dart slugs
  3 leopard geckos
  An orc (D:3)
  3 bats (D:1)
  3 giant cockroaches
  8 goblins
  2 hobgoblins
  4 kobolds
  3 frilled lizards
  2 rats
  A plant (D:1)
36 creatures vanquished.

Notes
Turn   | Place    | Note
-------+----------+-------------------------------------------
     0 | D:1      | kwel01 the High Elf Skald began the quest for the Orb.
     0 | D:1      | Reached XP level 1. HP: 14/14 MP: 4/4
   326 | D:1      | Reached skill level 4 in Charms
   335 | D:1      | Reached XP level 2. HP: 17/19 MP: 2/6
   339 | D:1      | Learned a level 2 spell: Song of Slaying
   342 | D:1      | Learned a level 2 spell: Shroud of Golubria
  1254 | D:2      | Reached XP level 3. HP: 20/25 MP: 0/7
  1971 | D:2      | Found a shimmering altar of Xom.
  2167 | D:3      | Killed from afar by an orc wizard

Skill      XL: |  1  2  3 |
---------------+----------+-----
Charms         | 4 |  4.3
Long Blades    | 3 |  3.3
Fighting       | |  2.3
Armour         | |  0.8
Dodging        | |  1.9
Stealth        | |  0.5
Spellcasting   | |  2.7

Action                   || total
-------------------------++-------
Melee: Falchion          ||   177
 Cast: Infusion          ||     5
       Shroud of Golubri ||     2
       Song of Slaying   ||     2
  Use: Scroll            ||     6
       Potion            ||     5
 Stab: Sleeping          ||     2
  Eat: Chunk             ||     5
Armor: Robe              ||    13
Dodge: Dodged            ||    79
       Rpst.: Falchion   ||    32
